FIQ, chaotic female elven Wizard ----- ####.@&.. |^{.| -.... ----- FIQ the Conjurer Experience level: 5 Strength: 10 Dexterity: 14 Constitution: 14 Intelligence: 13 Wisdom: 18 Charisma: 6 Health: 0(32) Energy: 52(93) Def: 2 Gold: 278 Moves: 2285 Dungeon seed: UfoSmQSca-RLF2Zq Game ID: FIQ_1467326908 Your Inventory: Coins $ - 278 gold pieces Weapons a - a blessed +1 quarterstaff (weapon in hands) Armor e - an uncursed +1 cloak of magic resistance (being worn) Comestibles o - an uncursed lichen corpse Scrolls m - 2 uncursed scrolls of scare monster n - an uncursed scroll of create monster Spellbooks b - a blessed spellbook of force bolt c - an uncursed spellbook of light Potions r - an uncursed potion of extra healing t - an uncursed potion of water v - an uncursed potion of confusion w - an uncursed potion of polymorph Rings l - an uncursed ring of free action (on left hand) Wands d - an uncursed wand of nothing (0:7) Tools k - an uncursed skeleton key p - an uncursed +0 pick-axe (alternate weapon; not wielded) F - an uncursed wooden flute K - an uncursed expensive camera (0:58) T - an uncursed tinning kit (0:99) Spells and supernatural/magical abilities: Name Level Category Fail Memory a - force bolt 1 attack 0% 89% l - light 1 divination 0% 89% W - pray for help -- divine ? -- Your skills at the end: Miscellaneous Skills wands [Basic] Weapon Skills quarterstaff [Basic] Spellcasting Skills attack spells [Basic] enchantment spells [Basic] Final Attributes: You were piously aligned. You were sleep resistant. You were magic-protected. You had infravision. You had free action. You are dead. Vanquished creatures: a pony 2 gnome lords 2 gnomish wizards a gray ooze a giant ant 3 dwarves a killer bee a gas spore a hobbit 3 geckos a yellow mold a green mold 10 gnomes a gnome zombie 3 jackals 2 foxes 3 newts 2 goblins 3 grid bugs a bat 4 lichens 47 creatures vanquished. Voluntary challenges: You used a wielded weapon 23 times, starting on turn 59. You did not use containers. You did not apply a unicorn horn. You read items or engraved 4 times, starting on turn 909. You never genocided any monsters. You never polymorphed an object. You never changed form. You used no wishes. You never split a pudding. You wrote Elbereth's name 2 times, starting on turn 2260. You never violated your personal moral code. Dungeon overview: The Dungeons of Doom: levels 1 to 8 Level 1 a long staircase Level 2 Level 3 some fountains Level 4 a delicatessen stairs to The Gnomish Mines Level 5 Level 6 many fountains Level 7 Level 8 <- You were here a fountain The Gnomish Mines: levels 5 to 6 Level 5 stairs to The Dungeons of Doom Level 6 History has recorded: On T:1 you entered the Dungeons of Doom to retrieve the Amulet of Yendor! On T:399 you reached level 2 of The Dungeons of Doom. On T:825 you reached level 3 of The Dungeons of Doom. On T:826 you advanced to experience level 2. On T:1216 you reached level 4 of The Dungeons of Doom. On T:1338 you reached level 1 of The Gnomish Mines. On T:1394 you advanced to experience level 3. On T:1447 you advanced to experience level 4. On T:1686 you advanced to experience level 5. On T:1725 you reached level 2 of The Gnomish Mines. On T:1899 you reached level 5 of The Dungeons of Doom. On T:1979 you reached level 6 of The Dungeons of Doom. On T:2239 you reached level 7 of The Dungeons of Doom. On T:2249 you reached level 8 of The Dungeons of Doom. Score breakdown: Gold: 278 ( 27 points) Experience: 5 levels ( 400 points) Exploration: 8 levels ( 210 points) Discoveries: 3 items ( 150 points) Variety of kills: 21 monsters ( 1050 points) Major goal: (nothing yet) ( 0 points) Survival: died (score multiplied by 3) Total score: 5511 Latest messages: Something is written here in the dust. You read: "Elbereth". The spell hits the water demon! The water demon resists! The spell hits the water demon! The water demon zaps himself with an iridium wand! The vrock turns to flee! The spell hits the vrock! The vrock resists! You hear the splashing of a naiad. The vrock turns to flee! The spell misses the vrock. You feel more confident in your spell casting skills. You write in the dust with your fingers. The vrock turns to flee! Something is written here in the dust. You read: "Elbcrcth". The vrock claws you! (4x) You die... Final status: Goodbye FIQ the Wizard, killed by a vrock... You died in The Dungeons of Doom on dungeon level 8 with 5511 points, and 278 pieces of gold, after 2285 moves. You were level 5 with a maximum of 32 hit points when you died.